 Dungeon Crawl Stone Soup version 0.19.4-10-g532645f (webtiles) character file.

242 Rrauwl the Ruffian (level 5, -1/42 HPs)
             Began as a Draconian Transmuter on Feb 23, 2017.
             Killed from afar by an orc wizard (11 damage)
             ... with a puff of frost
             ... on level 3 of the Dungeon.
             The game lasted 00:12:24 (2033 turns).

Rrauwl the Ruffian (Draconian Transmuter)           Turns: 2033, Time: 00:12:25

Health: -1/42      AC:  5    Str: 13    XL:     5   Next: 81%
Magic:  5/9        EV: 12    Int: 13    God:
Gold:   45         SH:  4    Dex: 12    Spells: 2 memorised, 6 levels left

rFire  . . .     SeeInvis .       - Unarmed
rCold  . . .     Gourm    .     (armour unavailable)
rNeg   . . .     Faith    +     i - +0 buckler
rPois  +         Spirit   .     (helmet restricted)
rElec  .         Reflect  .     (no cloak)
rCorr  .         Harm     .     (no gloves)
MR     .....                    (no boots)
Stlth  +.........               k - amulet of faith
                                (no ring)
                                o - ring of poison resistance

@: very slightly contaminated
A: unfitting armour, cold-blooded, AC +5
a: no special abilities


You were on level 3 of the Dungeon.
You were not hungry.

You visited 1 branch of the dungeon, and saw 3 of its levels.

You collected 45 gold pieces.

Inventory:

Missiles
 a - 24 arrows
Armour
 i - a +0 buckler (worn)
Jewellery
 k - an amulet of faith (around neck)
 o - a ring of poison resistance (left hand)
Scrolls
 d - 3 scrolls of remove curse
 h - a scroll of amnesia {unknown}
 l - a scroll of noise {unknown}
 n - 2 scrolls of identify {unknown}
Potions
 e - a potion of brilliance
 m - a potion of heal wounds
Books
 b - a book of Changes

   Spells                             Type                      Level
   a - Beastly Appendage              Transmutation                1
   b - Sticks to Snakes               Transmutation                2
   c - Spider Form                    Transmutation/Poison         3
   d - Ice Form                       Ice/Transmutation            4
   e - Blade Hands                    Transmutation                5
Comestibles
 c - 3 bread rations
 f - a slice of pizza
 g - a chunk of flesh
 j - a meat ration


   Skills:
 + Level 2.5 Fighting
 - Level 3.0 Dodging
 + Level 1.9 Shields
 + Level 3.9 Unarmed Combat
 + Level 2.9 Spellcasting
 + Level 2.9 Transmutations


You had 6 spell levels left.
You knew the following spells:

 Your Spells              Type           Power        Failure   Level  Hunger
a - Beastly Appendage     Tmut           #.....       12%         1    #......
b - Sticks to Snakes      Tmut           #.......     14%         2    ###....


Dungeon Overview and Level Annotations

Branches:
Dungeon (3/15)

Altars:


Innate Abilities, Weirdness & Mutations

Your plain brown scales are hard. (AC +5)
You cannot fit into any form of body armour.
You are cold-blooded and may be slowed by cold attacks.


Message History

The orc priest calls down the wrath of Beogh upon you.
Beogh smites you!
* * * LOW HITPOINT WARNING * * *
Your ball python barely misses the adder.
Your ball python constricts the adder.
An adder comes into view.
The orc wizard shouts!
The adder moves out of view.
The adder struggles to escape constriction.
The adder closely misses you.
Your ball python bites the adder.
Your ball python constricts the adder.
Things that are here:
a flail; a leather armour; an orc corpse The adder hisses angrily.
The adder struggles to escape constriction.
The adder bites you.
* * * LOW HITPOINT WARNING * * *
The orc wizard points at you and mumbles some strange words.
The puff of frost hits you!
You die...

# ###. #....#
#.#.. #.#..###
#......# #..##.#
#####..##.######..
#......@.S<.......
#####.)S#o........
#...#######.o.
#..SSo..w.. .
##..#S.....
.......##.
..........
............
............#


You could see an orc wizard, 3 adders and a friendly ball python.

Vanquished Creatures
  Sigmund (D:2)
  5 adders (D:2)
  4 worms (D:2)
  A dart slug (D:1)
  A leopard gecko (D:2)
  An orc (D:3)
  10 bats
  3 goblins
  3 hobgoblins (D:1)
  A ball python (D:1)
  6 frilled lizards
  2 kobolds (D:1)
  7 rats
45 creatures vanquished.

Vanquished Creatures (collateral kills)
  An orc (D:3)
1 creature vanquished.

Grand Total: 46 creatures vanquished

Notes
Turn   | Place    | Note
-------+----------+-------------------------------------------
     0 | D:1      | Rrauwl the Draconian Transmuter began the quest for the Orb.
     0 | D:1      | Reached XP level 1. HP: 16/16 MP: 3/3
   253 | D:1      | Reached XP level 2. HP: 23/23 MP: 3/5
  1062 | D:2      | Reached XP level 3. HP: 15/29 MP: 4/6
  1393 | D:2      | Noticed Sigmund
  1527 | D:2      | Reached skill level 1 in Shields
  1527 | D:2      | Reached XP level 4. HP: 26/36 MP: 5/7
  1734 | D:2      | Learned a level 2 spell: Sticks to Snakes
  1751 | D:2      | Killed Sigmund
  1751 | D:2      | Reached XP level 5. HP: 18/42 MP: 5/9
  2033 | D:3      | Killed from afar by an orc wizard

Skill      XL: |  1  2  3  4 |
---------------+-------------+-----
Dodging        | 2 3 |  3.0
Shields        | 1 |  1.9
Fighting       | 2 |  2.5
Unarmed Combat | |  3.9
Spellcasting   | |  2.9
Transmutations | |  2.9

Action                   |  1- 3 |  4- 6 || total
-------------------------+-------+-------++-------
Melee: Unarmed           |   105 |    56 ||   161
       Tailslap          |    11 |     5 ||    16
       Kick              |    11 |    11 ||    22
       Headbutt          |     7 |     1 ||     8
 Cast: Beastly Appendage |    16 |     8 ||    24
       Sticks to Snakes  |       |     3 ||     3
  Use: Scroll            |     2 |       ||     2
       Potion            |     1 |       ||     1
 Stab: Distracted        |       |     1 ||     1
  Eat: Chunk             |     2 |     2 ||     4
Armor: Skin              |    21 |    11 ||    32
Dodge: Dodged            |    43 |    39 ||    82
Block: Buckler           |     5 |     8 ||    13
